Map: Dragon Scales LE

Players

POPROCKS - Winner!

  • Race: Terran Terran
  • Spawn Location: 11:00

POPROCKS

  • Race: Terran Terran
  • Spawn Location: 5:00

VOD

Have the link to the VOD?

Description

Time

  • Played on: Sept. 24, 2023, 8:50 p.m.
  • Length: 18:48
Show
View Real Time Build Order
Export as new Build Order

POPROCKS Terran - Winner!

Build Orders:  

Get SALT Encoding   

  12  0:02  SCV  
  13  0:14  SCV  
  14  0:26  SCV  
  15  0:29  Refinery  
  15  0:38  Supply Depot  
  15  0:49  Refinery  
  15  0:59  SCV  
  15  1:01  Barracks  
  16  1:07  Supply Depot  
  16  1:11  SCV  
  17  1:23  SCV  
  18  1:28  Barracks  
  18  1:35  SCV  
  18  1:39  Supply Depot  
  19  1:48  SCV  
  20  2:00  SCV  
  21  2:10  Barracks  
  21  2:12  Barracks Tech Lab  
  21  2:21  Marine  
  22  2:28  Supply Depot  
  22  2:35  Stimpack  
  22  2:39  Marine  
  23  2:57  Marine  
  24  3:05  Command Center  
  24  3:11  Marine  
  24  3:12  Marine  
  26  3:15  Marine  
  27  3:23  Barracks  
  27  3:29  Marine  
  27  3:30  Marauder  
  30  3:40  SCV  
  31  3:47  Marine x2  
  33  3:51  Marine  
  34  4:01  Supply Depot  
  34  4:05  Marine x2  
  34  4:09  Marine  
  37  4:17  Marine  
  37  4:21  Supply Depot  
  37  4:22  Marine  
  39  4:28  SCV x2  
  41  4:40  SCV  
  42  4:46  SCV  
  43  4:53  Marine x4  
  47  5:10  Marine  
  47  5:11  Marine x3  
  51  5:17  SCV x2  
  53  5:28  Marine x2  
  53  5:29  SCV x2, Marine x2  
  59  5:41  SCV, Supply Depot  
  60  5:43  Supply Depot  
  60  5:46  Marine x3  
  60  5:47  Marine  
  64  5:58  SCV x2  
  66  6:04  Marine  
  66  6:05  Marauder  
  66  6:10  SCV x2, Marine x2  
  73  6:22  Marine  
  74  6:26  Marine  
  74  6:28  Marine x2  
  77  6:39  Marine  
  77  6:44  Marine  
  77  6:46  Marine  
  64  6:49  Marine  
  60  6:57  Marine  
  59  7:01  Marine  
  59  7:03  Marine  
  59  7:07  Marine  
  60  7:15  Marine  
  57  7:19  Marine  
  57  7:21  Marine  
  60  7:26  Marine  
  60  7:33  Marine  
  61  7:37  Marine  
  62  7:54  Marine x3  
  62  7:55  Marine  
  66  8:12  Marine x3  
  69  8:13  Marine  
  52  8:30  Marine  
  52  8:33  Marine x2  
  52  8:34  Marine  
  56  8:42  SCV x2  
  56  8:47  Barracks, Marine  
  56  8:48  Barracks  
  59  8:51  Marine  
  59  8:54  SCV x2  
  62  8:56  Marine x2  
  64  9:05  Marine  
  64  9:06  SCV  
  66  9:19  Marine x3  
  66  9:23  Marine  
  70  9:34  Supply Depot  
  70  9:37  Barracks x2, Marine x3  
  73  9:40  Marine x2  
  73  9:41  Marine  
  76  9:55  Marine x3  
  76  9:58  Marine x2  
  76  9:59  Marine  
  69  10:12  Marine  
  69  10:13  Marine x2  
  60  10:16  Marine x2  
  60  10:17  Marine  
  63  10:28  Marine  
  63  10:29  Marine  
  63  10:30  Marine  
  63  10:31  Supply Depot, Marine x2  
  63  10:32  Supply Depot  
  63  10:34  Marine x3  
  69  10:46  Marine x2  
  69  10:48  Marine x2  
  73  10:51  Marine x2  
  73  10:52  Marine x2  
  77  10:59  Supply Depot  
  77  11:01  Supply Depot  
  77  11:04  Marine  
  77  11:09  Marine x2  
  77  11:10  Marine x5  
  84  11:22  Marine  
  84  11:27  Marine  
  84  11:32  Marine x5  
  90  11:40  Marine  
  90  11:41  Marine  
  90  11:45  Marine  
  89  11:53  Marine x5  
  72  11:58  Marine  
  73  12:04  Marine x2  
  75  12:11  Marine x2  
  76  12:27  Marine x3  
  76  12:28  Marine x3  
  76  12:29  Marine  
  78  12:48  Marine  
  78  12:49  Marine  
  80  13:10  Marine x5  
  80  13:11  Marine x2  
  87  13:32  Barracks  
  86  15:03  Marine x2  
  86  15:04  Marine x6  
  94  15:21  Marine x3  
  94  15:22  Marine x5  
  102  15:39  Marine x5  
  102  15:40  Marine x3  
  110  15:57  Marine x6  
  110  15:58  Marine  
Show
View Real Time Build Order
Export as new Build Order

POPROCKS Terran 

Build Orders:  

Get SALT Encoding   

  12  0:00  SCV  
  13  0:14  Refinery  
  13  0:15  SCV  
  14  0:29  SCV  
  15  0:44  Supply Depot  
  15  0:46  Supply Depot  
  15  1:06  SCV  
  16  1:12  Barracks  
  16  1:18  SCV  
  17  1:20  Barracks  
  17  1:39  Supply Depot  
  17  1:51  Refinery  
  17  1:52  SCV  
  18  2:04  SCV  
  18  2:07  Barracks Tech Lab  
  19  2:16  SCV  
  21  2:28  SCV  
  21  2:29  Reaper  
  22  2:31  Reaper  
  23  2:40  SCV  
  24  2:45  Stimpack  
  24  3:01  Reaper  
  24  3:03  Reaper  
  26  3:26  Barracks  
  26  3:27  Command Center  
  26  3:33  Reaper  
  27  3:36  Marauder  
  29  3:44  Engineering Bay  
  29  3:54  Barracks  
  29  3:57  Reaper  
  30  4:05  Marine  
  31  4:22  Marine  
  32  4:29  Reaper, Marine  
  34  4:41  Reaper  
  35  4:47  Marine  
  29  4:53  Marine  
  30  5:01  Marauder  
  30  5:05  Marine  
  30  5:06  SCV  
  34  5:11  Marine  
  34  5:13  Reaper  
  36  5:19  SCV  
  37  5:22  Marauder  
  37  5:26  Marine  
  37  5:28  Barracks  
  40  5:30  Barracks  
  40  5:31  SCV  
  41  5:43  SCV  
  41  5:44  Marine  
  41  5:45  Bunker  
  43  5:53  Bunker  
  43  5:56  Marine  
  44  5:58  Reaper  
  44  6:02  SCV, Marine  
  47  6:10  SCV  
  48  6:14  SCV, Marine  
  50  6:30  Reaper  
  51  6:33  Bunker  
  51  6:37  SCV  
  36  6:49  SCV  
  35  6:58  SCV  
  35  7:00  Marine  
  35  7:01  Marine  
  37  7:02  Reaper, Marine x2  
  37  7:03  Marine  
  39  7:10  SCV  
  39  7:18  Marine  
  39  7:19  Marine  
  39  7:20  Marine x2  
  39  7:21  Marine  
  39  7:22  SCV  
  44  7:34  SCV, Reaper  
  44  7:36  Marine x2  
  47  7:37  Marine  
  47  7:38  Marine  
  47  7:39  Marine  
  41  7:46  SCV  
  39  7:54  Marine x2  
  39  7:55  Marine  
  40  7:59  Marine x2  
  40  8:00  SCV  
  26  8:06  Marine  
  26  8:13  Marine  
  26  8:17  Marine  
  26  8:21  Reaper  
  25  8:31  Reaper  
  25  8:35  Reaper x2  
  25  8:37  Marine  
  27  8:43  SCV  
  28  8:53  Reaper  
  29  8:55  SCV  
  30  9:03  Reaper  
  30  9:07  Reaper  
  30  9:25  Reaper  
  31  9:35  Reaper  
  32  9:39  Reaper  
  32  9:45  Reaper  
  34  9:57  Reaper  
  34  10:08  Reaper  
  34  10:11  Reaper  
  29  10:17  Reaper  
  30  10:29  Reaper  
  31  10:40  Reaper  
  32  10:43  Reaper  
  32  10:49  Reaper  
  34  11:02  Command Center  
  34  11:11  Reaper  
  34  11:12  Reaper  
  34  11:15  Reaper  
  37  11:21  Reaper  
  32  11:44  Reaper  
  31  11:48  Reaper  
  31  11:54  Reaper  
  23  12:16  Reaper  
  23  12:26  Reaper  
  21  12:55  Marauder  
Tags
 
Matchup
TvT
Race
Terran
Spawn Locations
Cross Positions
Add a new tag
Caveats
  • Supply blocks, unpowered buildings, or Contaminate may cause inaccurate times.
  • Supply counts are checked every 10 seconds.